 Dungeon Crawl Stone Soup version 0.23-a0-767-gdc19b93d68 (webtiles) character file.

42 Morbidden the Slasher (level 3, -2/28 HPs)
             Began as a Demonspawn Wanderer on Jan 19, 2019.
             Slain by a kobold (3 damage)
             ... on level 2 of the Dungeon.
             The game lasted 00:02:01 (1122 turns).

Morbidden the Slasher (Demonspawn Wanderer)         Turns: 1122, Time: 00:02:02

Health: -2/28      AC:  2    Str: 15    XL:     3   Next: 35%
Magic:  3/3        EV: 12    Int: 13    God:
Gold:   26         SH:  0    Dex: 10    Spells: 2/2 levels left

rFire    . . .     SeeInvis .   e - +1 dagger (speed)
rCold    . . .     Gourm    .   (no shield)
rNeg     . . .     Faith    .   c - +0 robe
rPois    .         Spirit   .   (no helmet)
rElec    .         Reflect  .   f - scarf {repulsion}
rCorr    .         Harm     .   (no gloves)
MR       .....                  (no boots)
Stlth    +.........             (no amulet)
HPRegen  0.09/turn              (no ring)
MPRegen  0.08/turn              (no ring)

@: repel missiles
A: rot immunity
a: no special abilities


You were on level 2 of the Dungeon.
You were hungry.

You visited 1 branch of the dungeon, and saw 2 of its levels.

You collected 26 gold pieces.

Inventory:

Hand Weapons
 a - a +2 falchion
 e - a +1 dagger of speed (weapon)
 i - a +0 rapier
Armour
 c - a +0 robe (worn)
 f - a scarf of repulsion (worn)
Scrolls
 b - 3 scrolls of teleportation
 g - 2 scrolls of identify {unknown}
Potions
 h - a potion of cancellation {unknown}
Comestibles
 d - 2 rations


   Skills:
 + Level 2.3 Fighting
 + Level 3.6 Long Blades
 + Level 2.1 Dodging
 + Level 1.1 Stealth
   Level 1.0 Shields
   Level 1.0 Evocations


You had 2 spell levels left.
You didn't know any spells.
Your spell library was empty.

Dungeon Overview and Level Annotations

Branches:
Dungeon (2/15)

Altars:


Innate Abilities, Weirdness & Mutations

You are immune to rotting.


Message History

Unknown command.
You hit the kobold.
You kill the kobold!
The kobold hits you but does no damage. The kobold hits you.
You see here a kobold corpse.
Unknown command.
You closely miss the kobold. You hit the kobold but do no damage.
The kobold barely misses you.
You barely miss the kobold. You hit the kobold but do no damage.
The kobold hits you.
* * * LOW HITPOINT WARNING * * *
You hit the kobold but do no damage. The kobold barely misses you.
You hit the kobold but do no damage. You hit the kobold but do no damage.
The kobold hits you.
* * * LOW HITPOINT WARNING * * *
Unknown command.
You closely miss the kobold. You closely miss the kobold. The kobold hits you.
You die...

... ##..# #...#
######...##
.........###.
........... #.....#
##@K.# ####...## .
#.......# #...#
#.##.##.#
.......###.##.# .#
##.#.<.......##..
.#
......##.##..#####
#
.#....##.##..#####.
.........##........


You could see a kobold.

Vanquished Creatures
  An adder (D:2)
  A worm (D:2)
  2 dart slugs (D:1)
  2 bats (D:1)
  A giant cockroach (D:1)
  A goblin (D:1)
  5 hobgoblins (D:1)
  6 kobolds
  5 rats
24 creatures vanquished.

Notes
Turn   | Place    | Note
-------+----------+-------------------------------------------
     0 | D:1      | Morbidden the Demonspawn Wanderer began the quest for the
                  | Orb.
     0 | D:1      | Morbidden set off with the following items: a +2 falchion,
                  | 2 scrolls of teleportation, a +0 robe, a ration
     0 | D:1      | Reached XP level 1. HP: 16/16 MP: 1/1
    27 | D:1      | Reached skill level 3 in Long Blades
   298 | D:1      | Gained mutation: You are immune to rotting. [demonic
                  | ancestry]
   298 | D:1      | Reached XP level 2. HP: 21/22 MP: 2/2
  1056 | D:2      | Reached XP level 3. HP: 24/27 MP: 3/3
  1120 | D:2      | HP: 1/28 [kobold (4)]
  1122 | D:2      | Slain by a kobold

Vault maps used:
D:1:      lightli_arrival_chessboard
D:2:      kennysheep_the_goblin_king, chequers_ecumenical_altar_lobes,
          palyth_stone_intersect, uniq_natasha, uniq_jessica, uniq_robin

Skill      XL: |  1  2 |
---------------+-------+-----
Long Blades    | 3 |  3.6
Dodging        | 2 |  2.1
Fighting       | |  2.3
Stealth        | |  1.1
Shields        | |  1.0
Evocations     | |  1.0

Action                   || total
-------------------------++-------
Melee: Falchion          ||    24
       Dagger            ||    67
 Stab: Sleeping          ||     2
Armor: Robe              ||     8
Dodge: Dodged            ||    48
       Deflected         ||     1
       Rpst.: Falchion   ||     7

Table legend:
 A = Non-vault XP
 B = Vault XP
 C = Vault XP percentage of total XP
 D = Non-vault monster count
 E = Vault monster count
 F = Vault count percentage of total count
                 A         B        C        D         E       F
            +---------+---------+-------+---------+---------+-------
      Total |      61 |       0 |   0.0 |      24 |       0 |   0.0
            +---------+---------+-------+---------+---------+-------
        D:1 |      38 |       0 |   0.0 |      19 |       0 |   0.0
        D:2 |      23 |       0 |   0.0 |       5 |       0 |   0.0
            +---------+---------+-------+---------+---------+-------
